 Dungeon Crawl Stone Soup version 0.31-a0-854-g362426d53f (webtiles) character file.

Game seed: 10515137265413989641

158 Schnaeble the Cudgeller (level 5, -2/47 HPs)
             Began as a Minotaur Fighter on Oct 8, 2023.
             Killed from afar by an orc wizard (12 damage)
             ... with a puff of flame
             ... on level 4 of the Dungeon.
             The game lasted 00:02:35 (1995 turns).

Schnaeble the Cudgeller (Minotaur Fighter)          Turns: 1995, Time: 00:02:35

Health: -2/47      AC:  6    Str: 22    XL:     5   Next: 16%
Magic:  4/4        EV:  9    Int:  5    God:
Gold:   141        SH:  4    Dex: 10    Spells: 4/4 levels left

rFire   x . .        a - +0 flail
rCold   + . .        c - +0 buckler
rNeg    . . .        b - +0 scale mail
rPois   .            (helmet restricted)
rElec   .            (no cloak)
rCorr   .            (no gloves)
SInv    .            (no boots)
Will    .....        s - amulet of magic regeneration Stlth
                     e - ring of ice
HPRegen 0.27/turn    (no ring)
MPRegen 0.49/turn

%: no passive effects
@: no status effects
A: horns 2, retaliatory headbutt
a: no special abilities


You were on level 4 of the Dungeon.
You visited 1 branch of the dungeon, and saw 4 of its levels.

You collected 141 gold pieces.

Inventory:

Hand Weapons
 a - a +0 flail (weapon)
Armour
 b - a +0 scale mail (worn)
 c - a +0 buckler (worn)
Jewellery
 e - a ring of ice (left hand)
 s - an amulet of magic regeneration (around neck)
Scrolls
 j - a scroll of brand weapon {unknown}
 k - a scroll of teleportation {unknown}
 m - 4 scrolls of identify {unknown}
 o - a scroll of vulnerability {unknown}
 r - a scroll of immolation {unknown}
Potions
 d - a potion of might
 f - 2 potions of invisibility {unknown}
 g - 2 potions of curing
 h - a potion of degeneration {unknown}
 i - a potion of heal wounds {unknown}
 l - a potion of magic {unknown}
 n - a potion of resistance {unknown}
 p - a potion of berserk rage {unknown}
 q - a potion of ambrosia {unknown}
 t - a potion of mutation {unknown}


   Skills:
 + Level 4.7 Fighting
 * Level 5.6 Maces & Flails
 - Level 3.6 Armour
 + Level 0.5 Dodging
 - Level 3.6 Shields


You had 4 spell levels left.
You didn't know any spells.
Your spell library contained the following spells:

 Spells                   Type           Power      Damage    Failure   Level
 Ensorcelled Hibernation  Hex/Ice        0%         N/A       95%         2
 Passwall                 Tmut/Erth      0%         N/A       95%         2
 Swiftness                Air            0%         N/A       99%         3


Dungeon Overview and Level Annotations

Branches:
Dungeon (4/15)
 Temple: D:4-7

Altars:
Hepliaklqana
Uskayaw
Vehumet


Innate Abilities, Weirdness & Mutations

You have a pair of horns on your head.
You reflexively headbutt those who attack you in melee.


Message History

A puff of flame appears from out of thin air!
The puff of flame hits you! The fire burns you terribly!
You hit something. Something hits you but does no damage. Something hits you.
You miss something. Your headbutt misses something.
Something hits you but does no damage.
You closely miss something. Something hits you.
You barely miss something. Your headbutt misses something. Something hits you.
You miss something. Something hits you.
You barely miss something. Your headbutt misses something.
Something hits you. x2
You barely miss something. Something hits you but does no damage.
You miss something. Something hits you but does no damage.
You closely miss something. Something hits you but does no damage.
It was a potion of curing.
You feel better. Something hits you.
You hit something.
You hear some strange, mumbled words.
You are confused.
You bump into the rock wall.
You hear some strange, mumbled words.
A puff of flame appears from out of thin air!
The puff of flame hits you! The fire burns you terribly!
You closely miss something. Something hits you but does no damage.
You bump into the rock wall.
Something hits you but does no damage.
Things that are here:
a +0 club; a +0 leather armour; an orc corpse You closely miss something.
Your headbutt misses something.
You hear some strange, mumbled words.
A puff of flame appears from out of thin air!
The puff of flame hits you! The fire burns you terribly!
* * * LOW HITPOINT WARNING * * *
You hear some strange, mumbled words.
Something tries to affect you, but you resist.
You barely miss something.
You feel less confused.
You hear some strange, mumbled words.
Something tries to affect you, but you resist.
You barely miss something.
You hear some strange, mumbled words.
A puff of flame appears from out of thin air!
The puff of flame hits you! The fire burns you terribly!
You die...

..... #.# ###...######
#.# ...........### #.#
.............#### #.#
............)...#######.#
...........#)#..........#
...........#.#.########.#
.......)...#{#.# #.#
...........#@#.# #.#
...........#.#.#### #.#
................># #.#
.........#.#.##.# #.#
........#.#.##.#####.#
..... #............#
..... ###......)...#
..... ####.####..# ......
#.# #..#


There were no monsters in sight!

Vanquished Creatures
  An iguana (D:4)
  Robin (D:3)
  4 adders
  A dart slug (D:1)
  2 worms (D:3)
  5 orcs
  6 bats
  7 endoplasms
  2 giant cockroaches
  4 hobgoblins
  3 jackals (D:3)
  4 quokkas
  3 ball pythons
  2 frilled lizards (D:3)
  16 goblins
  7 kobolds
  3 rats (D:2)
71 creatures vanquished.

Notes
Turn   | Place    | Note
-------+----------+-------------------------------------------
     0 | D:1      | Schnaeble the Minotaur Fighter began the quest for the Orb.
     0 | D:1      | Reached XP level 1. HP: 19/19 MP: 0/0
   118 | D:1      | Reached XP level 2. HP: 27/27 MP: 1/1
   150 | D:1      | Reached skill level 3 in Maces & Flails
   524 | D:2      | Reached XP level 3. HP: 34/34 MP: 2/2
   582 | D:2      | Found a radiant altar of Vehumet.
   842 | D:3      | Found a hazy altar of Hepliaklqana.
  1004 | D:3      | Reached skill level 4 in Maces & Flails
  1050 | D:3      | Reached XP level 4. HP: 26/41 MP: 3/3
  1373 | D:3      | Noticed Robin
  1391 | D:3      | Killed Robin
  1392 | D:3      | Reached skill level 5 in Maces & Flails
  1902 | D:4      | Found a hide-covered altar of Uskayaw.
  1920 | D:4      | Reached XP level 5. HP: 47/47 MP: 4/4
  1995 | D:4      | Killed from afar by an orc wizard

Illustrated notes

Levels and vault maps discovered:
D:1:      dpeg_arrival_rooms_b, layout_basic
D:2:      layout_basic, basic_altar
D:3:      layout_loops_corners, mainiacjoe_overflow_boulevard, uniq_robin
D:4:      layout_basic, mainiacjoe_overflow_tiny_flanked,
          amethyst_overflow_temple_binary, minmay_temple_entry_antechambers,
          uniq_grinder

Skill      XL: |  1  2  3  4 |
---------------+-------------+-----
Fighting       | 4 |  4.7
Maces & Flails | 3 4 5 |  5.6
Armour         | |  3.6
Dodging        | |  0.5
Shields        | |  3.6

Action                     |  1- 3 |  4- 6 || total
---------------------------+-------+-------++-------
  Melee: Flail             |    86 |    78 ||   164
         Headbutt          |    15 |     8 ||    23
    Use: Potion            |       |     1 ||     1
 Armour: Scale mail        |    67 |    66 ||   133
  Dodge: Dodged            |    47 |    30 ||    77
  Block: Buckler           |    23 |    13 ||    36

Table legend: (Time is in decaauts)
 A = Elapsed time spent in this place.
 B = Non-inter-level travel time spent in this place.
 C = Inter-level travel time spent in this place.
 D = Time resting spent in this place.
 E = Time spent auto-exploring this place.
 F = Levels seen in this place.
 G = Mean time per level.
                   A        B        C        D        E       F      G
               +--------+--------+--------+--------+--------+-----+--------+
         Total |   2030 |   1963 |     67 |      0 |   1566 |   4 |  507.5 |
       Dungeon |   2030 |   1963 |     67 |      0 |   1566 |   4 |  507.5 |
               +--------+--------+--------+--------+--------+-----+--------+

Top non-repeatable levels by time:
     D:3: 1078 daAuts
     D:1: 526 daAuts
     D:2: 329 daAuts
     D:4: 96 daAuts
